 Dungeon Crawl Stone Soup version 0.20.1-1-g8b1a95d (webtiles) character file.

126 letownia2 the Grave Robber (level 4, -7/36 HPs)
             Began as a Deep Dwarf Necromancer on Nov 13, 2017.
             Mangled by Linguinho's ghost (13 damage)
             ... on level 4 of the Dungeon.
             The game lasted 00:05:42 (1828 turns).

letownia2 the Grave Robber (Deep Dwarf Necromancer) Turns: 1828, Time: 00:05:43

Health: -7/36      AC:  6    Str: 12    XL:     4   Next: 84%
Magic:  8/8        EV: 11    Int: 22    God:
Gold:   92         SH:  0    Dex: 19    Spells: 5/9 levels left

rFire    . . .     SeeInvis +   a - +0 short sword
rCold    . . .     Gourm    .   (no shield)
rNeg     . . .     Faith    .   o - +0 ring mail of Patterns {*Drain Int+6 Dex+6 SInv}
rPois    .         Spirit   .   (no helmet)
rElec    .         Reflect  .   (no cloak)
rCorr    .         Harm     .   k - +0 pair of gloves
MR       .....                  (no boots)
Stlth    ++........             (no amulet)
Regen    0.0/turn               (no ring)
MPRegen  0.2/turn               (no ring)

@: non-regenerating
A: damage resistance, heal wounds, sense surroundings 1, no regeneration
a: Heal Wounds


You were on level 4 of the Dungeon.
You were not hungry.

You visited 1 branch of the dungeon, and saw 4 of its levels.

You collected 92 gold pieces.

Inventory:

Hand Weapons
 a - a +0 short sword (weapon)
 p - a +0 dagger
 r - a +0 dagger of venom
Armour
 i - a +0 robe
 k - a +0 pair of gloves (worn)
 o - the +0 ring mail of Patterns (worn) {*Drain Int+6 Dex+6 SInv}
   (You found it on level 4 of the Dungeon)

   It affects your intelligence (+6).
   It affects your dexterity (+6).
   It lets you see invisible.
   It causes draining when unequipped.
Scrolls
 d - 4 scrolls of identify {unknown}
 e - a scroll of enchant armour {unknown}
 h - a scroll of amnesia {unknown}
 l - a scroll of blinking {unknown}
Potions
 g - 3 potions of curing {unknown}
 j - a potion of resistance
 m - a potion of agility {unknown}
 q - a potion of magic {unknown}
Books
 b - a book of Necromancy

   Spells                             Type                      Level
   a - Pain                           Necromancy                   1
   b - Animate Skeleton               Necromancy                   1
   c - Vampiric Draining              Necromancy                   3
   d - Regeneration                   Charms/Necromancy            3
   e - Animate Dead                   Necromancy                   4
   f - Control Undead                 Necromancy                   4
Comestibles
 c - a bread ration
 f - 2 royal jellies
 n - a chunk of flesh


   Skills:
 - Level 2.1 Dodging
 - Level 2.4 Stealth
 + Level 3.2 Spellcasting
 + Level 5.7 Necromancy


You had 5 spell levels left.
You knew the following spells:

 Your Spells              Type           Power        Failure   Level  Hunger
a - Pain                  Necr           ####         2%          1    None
v - Vampiric Draining     Necr           ####......   8%          3    ###....


Dungeon Overview and Level Annotations

Branches:
Dungeon (4/15)
 Temple: D:4-7

Altars:
Ashenzari
Okawaru
Trog

Annotations:
D:4 exclusions: ice beast and worm, Linguinho's ghost, novice TrMo


Innate Abilities, Weirdness & Mutations

You are resistant to damage.
You can heal yourself by infusing magical energy.
You passively map a small area around you.
You do not regenerate.


Message History

The hound skeleton bites you but does no damage.
Linguinho's ghost hits you!
* * * LOW HITPOINT WARNING * * *
The hound skeleton bites you but does no damage.
You completely miss the hound skeleton.
The hound skeleton is severely damaged.
Linguinho's ghost barely misses you. The hound skeleton bites you.
* * * LOW HITPOINT WARNING * * *
Unknown command.
You barely miss the hound skeleton.
The hound skeleton is severely damaged.
The hound skeleton bites you.
* * * LOW HITPOINT WARNING * * *
Linguinho's ghost hits you.
* * * LOW HITPOINT WARNING * * *
The hound skeleton closely misses you.
You hit the hound skeleton.
The hound skeleton is almost destroyed.
Linguinho's ghost hits you!
You die...

#≈..<...'....#
* * *
#≈.....≈#.#.##
#≈♣...♣≈###W#
, #≈≈≈≈≈≈≈#
#.# *
######### #.#*
#.# , #.# *
###########.#*
,
......Z@W...#
*
*#############
, * , , , , ,
, , * * , , ,*
*


You could see Linguinho's ghost and a hound skeleton.

Vanquished Creatures
  2 orc wizards (D:4)
  A worker ant (D:4)
  2 adders
  An ooze (D:3)
  A leopard gecko (D:4)
  7 orcs
  2 hobgoblins (D:2)
  3 kobolds
  A quokka (D:4)
  A bat (D:2)
  A frilled lizard (D:4)
  5 rats
27 creatures vanquished.

Notes
Turn   | Place    | Note
-------+----------+-------------------------------------------
     0 | D:1      | letownia2 the Deep Dwarf Necromancer began the quest for the Orb.
     0 | D:1      | Reached XP level 1. HP: 15/15 MP: 3/3
   282 | D:2      | Found an iron altar of Okawaru.
   373 | D:2      | Found a shattered altar of Ashenzari.
   373 | D:2      | Found a bloodstained altar of Trog.
   406 | D:2      | Reached XP level 2. HP: 16/22 MP: 0/5
   637 | D:4      | Noticed Linguinho's ghost (novice TrMo)
   983 | D:4      | Noticed an ice beast
   986 | D:4      | Got a steaming ring mail
  1002 | D:4      | Identified the +0 ring mail of Patterns {*Drain Int+6 Dex+6 SInv} (You found it on level 4 of the Dungeon)
  1145 | D:3      | Reached skill level 5 in Necromancy
  1145 | D:3      | Reached XP level 3. HP: 7/28 MP: 3/6
  1150 | D:3      | Learned a level 3 spell: Vampiric Draining
  1450 | D:4      | Reached XP level 4. HP: 33/36 MP: 3/8
  1828 | D:4      | Mangled by Linguinho's ghost

Skill      XL: |  1  2  3  4 |
---------------+-------------+-----
Spellcasting   | 2 3 |  3.2
Necromancy     | 5 |  5.7
Dodging        | |  2.1
Stealth        | |  2.4

Action                   |  1- 3 |  4- 6 || total
-------------------------+-------+-------++-------
Melee: Unarmed           |     3 |       ||     3
       Short sword       |    12 |    15 ||    27
 Cast: Pain              |    42 |    14 ||    56
       Vampiric Draining |     7 |       ||     7
  Eat: Chunk             |     3 |     1 ||     4
Armor: Robe              |     4 |       ||     4
       Ring mail         |       |     8 ||     8
Dodge: Dodged            |    18 |     7 ||    25
